 Dungeon Crawl Stone Soup version 0.24-a0-439-g6dd8730de2 (webtiles) character file.

Game seed: 941668239651922786

50 mahrnol the Charmwright (level 3, -17/27 HPs)
             Began as a Merfolk Skald on June 17, 2019.
             Demolished by an orc warrior
             ... wielding a +0 dire flail
              (20 damage)
             ... on level 3 of the Dungeon.
             The game lasted 00:05:49 (1592 turns).

mahrnol the Charmwright (Merfolk Skald)             Turns: 1592, Time: 00:05:51

Health: -17/27     AC:  3    Str: 12    XL:     3   Next: 79%
Magic:  4/6        EV: 12    Int: 12    God:
Gold:   118        SH:  0    Dex: 13    Spells: 3/6 levels left

rFire    . . .     SeeInvis .   a - +0 spear
rCold    . . .     Gourm    .   (no shield)
rNeg     . . .     Faith    .   b - +0 leather armour
rPois    .         Spirit   .   (no helmet)
rElec    .         Reflect  .   (no cloak)
rCorr    .         Harm     .   (no gloves)
MR       .....                  (no boots)
Stlth    +.........             (no amulet)
HPRegen  0.09/turn              (no ring)
MPRegen  0.10/turn              (no ring)

@: infused
A: change form in water, swift swim, stealthy swim
a: no special abilities


You were on level 3 of the Dungeon.
You were not hungry.

You visited 1 branch of the dungeon, and saw 3 of its levels.

You collected 118 gold pieces.

Inventory:

Hand Weapons
 a - a +0 spear (weapon)
Missiles
 e - 14 bolts
 f - 10 poisoned darts (quivered)
 g - 33 arrows
 i - 14 sling bullets
 o - 5 boomerangs
Armour
 b - a +0 leather armour (worn)
Scrolls
 c - a scroll of fear {unknown}
 h - a scroll of identify {unknown}
 l - a scroll of random uselessness {unknown}
 m - 3 scrolls of teleportation {unknown}
 n - a scroll of noise {unknown}
 p - a scroll of enchant weapon {unknown}
Potions
 k - 2 potions of ambrosia {unknown}
Comestibles
 d - 3 rations
 j - 5 chunks of flesh


   Skills:
 + Level 2.3 Fighting
 + Level 4.0 Polearms
 + Level 1.0 Armour
 + Level 3.0 Dodging
 + Level 2.1 Spellcasting
 + Level 4.0 Charms


You had 3 spell levels left.
You knew the following spells:

 Your Spells              Type           Power        Failure   Level  Hunger
a - Infusion              Chrm           ##..         6%          1    ##.....
b - Song of Slaying       Chrm           ##......     10%         2    ###....

Your spell library contained the following spells:

 Spells                   Type           Power        Failure   Level  Hunger
 Shroud of Golubria       Chrm/Tloc      #.....       22%         2    ###....
 Regeneration             Chrm/Necr      #.........   41%         3    ####...
 Spectral Weapon          Hex/Chrm       #.......     41%         3    ####...


Dungeon Overview and Level Annotations

Branches:
Dungeon (3/15)

Altars:


Message History

The orc warrior barely misses you.
You barely miss the orc warrior. The orc warrior misses you.
You hit the orc warrior.
The orc warrior is lightly wounded.
The orc warrior hits you with a +0 dire flail!!
Ouch! That really hurt!
* * * LOW HITPOINT WARNING * * *
You are too injured to fight recklessly!
You are too injured to fight recklessly!
You hit the orc warrior but do no damage.
The orc warrior is lightly wounded.
You hit the orc warrior but do no damage.
The orc warrior is lightly wounded.
The orc warrior hits you with a +0 dire flail.
* * * LOW HITPOINT WARNING * * *
You hit the orc warrior.
The orc warrior is lightly wounded.
The orc warrior hits you with a +0 dire flail!!
Ouch! That really hurt!
You die...

#######
#.<...#
#.###.# #.#
##########.#
#...oo@>...#
#.##########
#. #o .. #.
#. #.


You could see an orc warrior and an orc.

Vanquished Creatures
  An adder (D:2)
  A dart slug (D:1)
  A ball python (D:1)
  3 bats
  10 goblins
  5 hobgoblins
  2 kobolds
  2 frilled lizards
  12 rats
37 creatures vanquished.

Notes
Turn   | Place    | Note
-------+----------+-------------------------------------------
     0 | D:1      | mahrnol the Merfolk Skald began the quest for the Orb.
     0 | D:1      | Reached XP level 1. HP: 16/16 MP: 3/3
    62 | D:1      | Reached XP level 2. HP: 17/22 MP: 3/5
   129 | D:1      | Learned a level 2 spell: Song of Slaying
   957 | D:2      | Reached skill level 1 in Armour
   957 | D:2      | Reached XP level 3. HP: 21/27 MP: 6/6
  1577 | D:3      | Noticed an orc warrior
  1592 | D:3      | Demolished by an orc warrior

Levels and vault maps discovered:
D:1:      doesnt_arrival_eight_statues, layout_basic
D:2:      layout_loops_cross, minmay_rat_gold_closets
D:3:      layout_loops_ring, nicolae_overflow_crystal_walls,
          lemuel_doored_altar, gammafunk_ghost_grave

Skill      XL: |  1  2  3 |
---------------+----------+-----
Charms         | 4 |  4.0
Armour         | 1 |  1.0
Dodging        | 3 |  3.0
Polearms       | 4 |  4.0
Fighting       | |  2.3
Spellcasting   | |  2.1

Action                   || total
-------------------------++-------
Melee: Spear             ||   144
 Cast: Infusion          ||     5
 Stab: Sleeping          ||     6
  Eat: Chunk             ||     2
Armor: Leather armour    ||    22
Dodge: Dodged            ||    59

Table legend:
 A = Non-vault XP
 B = Vault XP
 C = Vault XP percentage of total XP
 D = Non-vault monster count
 E = Vault monster count
 F = Vault count percentage of total count
                 A         B        C        D         E       F
            +---------+---------+-------+---------+---------+-------
      Total |      64 |       8 |  11.1 |      29 |       8 |  21.6
            +---------+---------+-------+---------+---------+-------
        D:1 |      29 |       0 |   0.0 |      15 |       0 |   0.0
        D:2 |      35 |       8 |  18.6 |      14 |       8 |  36.4
            +---------+---------+-------+---------+---------+-------
